 Dungeon Crawl Stone Soup version 0.19.5 (webtiles) character file.

147 tof the Skirmisher (level 5, -7/48 HPs)
             Began as a Minotaur Monk on Mar 1, 2017.
             Mangled by an ogre
             ... wielding a +0 giant club
              (13 damage)
             ... on level 3 of the Dungeon.
             The game lasted 00:07:36 (2410 turns).

tof the Skirmisher (Minotaur Monk)                  Turns: 2410, Time: 00:07:38

Health: -7/48      AC:  7    Str: 15    XL:     5   Next: 8%
Magic:  4/4        EV: 12    Int:  7    God:
Gold:   120        SH:  0    Dex: 14    Spells: 0 memorised, 4 levels left

rFire  . . .     SeeInvis .     a - +0 spear
rCold  . . .     Gourm    +     h - +0 ring mail
rNeg   + . .     Faith    .     (no shield)
rPois  +         Spirit   .     (helmet restricted)
rElec  .         Reflect  .     (no cloak)
rCorr  .         Harm     .     (no gloves)
MR     .....                    k - +1 pair of boots
Stlth  +.........               g - amulet of the gourmand
                                q - ring of positive energy
                                i - ring of poison resistance

@: no status effects
A: retaliatory headbutt, horns 2
a: no special abilities


You were on level 3 of the Dungeon.
You were completely stuffed.

You visited 1 branch of the dungeon, and saw 3 of its levels.

You collected 120 gold pieces.

Inventory:

Hand Weapons
 a - a +0 spear (weapon)
Armour
 b - a +0 robe
 h - a +0 ring mail (worn)
 k - a +1 pair of boots (worn)
Jewellery
 f - an uncursed ring of wizardry
 g - an amulet of the gourmand (around neck)
 i - a ring of poison resistance (left hand)
 q - a ring of positive energy (right hand)
Scrolls
 d - 2 scrolls of identify
 n - 2 scrolls of remove curse
 r - a scroll of immolation {unknown}
 t - a scroll of teleportation
Potions
 e - a potion of magic {unknown}
 j - a potion of lignification {unknown}
 l - 2 potions of might
 m - a potion of brilliance {unknown}
 o - 2 potions of invisibility {unknown}
 u - 2 potions of agility {unknown}
Comestibles
 c - 2 bread rations
 p - a beef jerky
 s - 5 chunks of flesh


   Skills:
 * Level 5.0 Fighting
 * Level 4.8 Polearms
 + Level 2.2 Armour
 + Level 4.0 Dodging
 - Level 1.5 Stealth


You had 4 spell levels left.
You didn't know any spells.

Dungeon Overview and Level Annotations

Branches:
Dungeon (3/15)

Altars:
Yredelemnul


Innate Abilities, Weirdness & Mutations

You reflexively headbutt those who attack you in melee.
You have a pair of horns on your head.


Message History

You are too injured to fight recklessly!
You are too injured to fight recklessly!
You are too injured to fight recklessly!
You are too injured to fight recklessly!
You are too injured to fight recklessly!
You hit the ogre.
The ogre is severely wounded.
The ogre hits you with a giant club.
* * * LOW HITPOINT WARNING * * *
You hit the ogre. Your headbutt misses the ogre.
The ogre is almost dead.
A gnoll comes into view. It is wielding a club.
You barely miss the ogre.
The gnoll shouts!
Your headbutt misses the ogre.
The ogre is almost dead.
The gnoll hits you.
* * * LOW HITPOINT WARNING * * *
The ogre hits you with a giant club!
You die...

##.# ########
#.# #.( #.#
#.. # #.# #
#.. #. #.##.#
#((
#.###..#.#
##)
#........# #.
####..g.....#
#.
g.....O@....#
#.
#####.......#
#.
.........[>#
#.
...##########
#. .. #. . #.
#. #. #.


You could see an ogre and 2 gnolls.

Vanquished Creatures
  An orc priest (D:3)
  An orc wizard (D:3)
  An adder (D:2)
  An ooze (D:2)
  A worm (D:2)
  2 dart slugs (D:2)
  A leopard gecko (D:2)
  6 orcs (D:3)
  4 giant cockroaches
  8 goblins
  2 hobgoblins (D:1)
  3 jackals (D:3)
  7 kobolds
  A quokka (D:2)
  A ball python (D:1)
  8 bats
  2 frilled lizards (D:3)
  11 rats
61 creatures vanquished.

Notes
Turn   | Place    | Note
-------+----------+-------------------------------------------
     0 | D:1      | tof the Minotaur Monk began the quest for the Orb.
     0 | D:1      | Reached XP level 1. HP: 19/19 MP: 0/0
   170 | D:1      | Reached XP level 2. HP: 27/27 MP: 1/1
   300 | D:1      | Reached skill level 4 in Fighting
   652 | D:1      | Reached skill level 1 in Armour
   785 | D:2      | Reached XP level 3. HP: 32/33 MP: 2/2
  1632 | D:3      | Reached XP level 4. HP: 41/41 MP: 3/3
  1730 | D:3      | Reached skill level 5 in Fighting
  2048 | D:3      | Found a basalt altar of Yredelemnul.
  2117 | D:3      | Reached XP level 5. HP: 48/48 MP: 4/4
  2398 | D:3      | Noticed an ogre
  2410 | D:3      | Mangled by an ogre

Skill      XL: |  1  2  3  4 |
---------------+-------------+-----
Fighting       | 4 5 |  5.0
Polearms       | 4 |  4.8
Armour         | 1 2 |  2.2
Dodging        | 4 |  4.0
Stealth        | |  1.5

Action                   |  1- 3 |  4- 6 || total
-------------------------+-------+-------++-------
Melee: Spear             |   114 |    64 ||   178
       Headbutt          |    19 |     6 ||    25
  Use: Scroll            |     4 |       ||     4
 Stab: Sleeping          |     3 |       ||     3
       Distracted        |       |     1 ||     1
  Eat: Chunk             |    13 |     5 ||    18
Armor: Robe              |     2 |       ||     2
       Ring mail         |    24 |    10 ||    34
Dodge: Dodged            |    37 |    25 ||    62
